AoeStats
← Tomate

Arena

508548298Analyzed
2v2 RM · 11d ago on Sep 23, 2026· 50m 22s· 4 players
Game mode
Random Map
Map size
Medium (4 player)
Population
200
Speed
Normal
Resources
Standard
Victory
Conquest
Starting age
Dark Age
Ending age
Imperial Age
RankedLock teamsTeams togetherTeam positionsShared explorationLock speedFull tech treeHidden civsTurbo modeCheats
Victory
Defeat
🇨🇱 Chinese · Chile
964
+15
🇨🇱 Spanish · Chile
964
+15
🇺🇸 Saxons · United States
939
-15
🇺🇸 Danes · United States
939
-15
Albino Rat
9:38 Feudal Age
10:28 Double-Bit Axe
10:25 Horse Collar
18:17 Castle Age
17:37 Gold Mining
19:38 Wheelbarrow
19:26 Loom
19:51 Stone Mining
20:03 Fletching
20:26 Heavy Plow
20:37 Bow Saw
21:10 Wheelbarrow
21:43 Ballistics
23:59 Guard Tower
25:21 Town Watch
27:35 Squires
27:25 Gambesons
27:27 Treadmill Crane
27:53 Murder Holes
29:29 Hand Cart
29:37 Scale Mail Armor
31:11 Bodkin Arrow
31:38 Chain Mail Armor
31:48 Masonry
31:41 Devotion
33:03 Caravan
33:42 Thumb Ring
36:16 Imperial Age
35:00 Arson
35:29 Forging
34:51 Elite Skirmisher
36:20 Gold Shaft Mining
35:14 Clerical Recruitment
35:58 Padded Archer Armor
36:25 Elite Varangian Guard
37:39 Conscription
38:05 Iron Casting
39:37 Two-Man Saw
39:08 Crop Rotation
38:45 Shield Wall
41:10 Bracer
42:06 Hoardings
41:26 Arrowslits
42:13 Guilds
41:26 Elite Hearth Troop
43:17 Plate Mail Armor
49:08 Keep
49:39 Chemistry
49:48 Cranequins
Jonx
8:36 Loom
11:27 Feudal Age
15:57 Castle Age
14:38 Horse Collar
17:35 Scale Mail Armor
17:48 Forging
20:24 Wheelbarrow
20:45 Double-Bit Axe
20:59 Arson
22:09 Gambesons
24:44 Elite Skirmisher
26:03 Iron Casting
25:43 Chain Mail Armor
25:32 Squires
26:36 Fletching
27:09 Padded Archer Armor
28:14 Heavy Plow
30:21 Leather Archer Armor
33:16 Town Watch
33:35 Bodkin Arrow
35:09 Thumb Ring
38:32 Gold Mining
39:22 Ballistics
42:16 Imperial Age
41:54 Bow Saw
41:52 Town Patrol
43:28 Ring Archer Armor
43:00 Bracer
43:34 Hand Cart
Tomate
10:34 Feudal Age
15:30 Castle Age
14:12 Double-Bit Axe
14:09 Horse Collar
19:20 Wheelbarrow
18:33 Town Watch
19:06 Bow Saw
18:59 Gold Mining
19:46 Loom
21:45 Heavy Plow
22:30 Fervor
23:07 Forging
24:29 Hand Cart
29:15 Imperial Age
26:55 Stone Mining
27:34 Fletching
30:15 Stone Shaft Mining
30:09 Ballistics
29:45 Murder Holes
30:22 Conscription
30:28 Supremacy
31:54 Two-Man Saw
31:16 Bloodlines
31:33 Caravan
32:17 Husbandry
34:12 Herbal Medicine
35:15 Iron Casting
34:46 Scale Barding Armor
34:37 Bodkin Arrow
34:05 Cavalier
36:42 Chemistry
37:11 Blast Furnace
38:49 Hoardings
38:28 Masonry
39:13 Paladin
40:16 Inquisition
40:42 Scale Mail Armor
40:43 Bracer
41:03 Elite Conquistador
41:16 Elite Conquistador
45:26 Chain Mail Armor
45:12 Padded Archer Armor
45:33 Chain Barding Armor
45:19 Squires
44:40 Man-at-Arms
45:06 Gambesons
45:07 Arson
44:49 Light Cavalry
45:13 Long Swordsman
45:54 Two-Handed Swordsman
47:03 Champion
47:28 Hussar
nnickk0
10:30 Feudal Age
14:49 Castle Age
13:03 Double-Bit Axe
13:13 Horse Collar
16:52 Stone Mining
20:25 Fervor
21:39 Wheelbarrow
21:55 Heavy Plow
23:58 Hand Cart
24:29 Gold Mining
25:04 Town Watch
25:05 Loom
26:14 Gold Shaft Mining
26:16 Stone Shaft Mining
27:03 Bow Saw
30:03 Imperial Age
30:14 Elite Chu Ko Nu
30:49 Fletching
31:00 Padded Archer Armor
31:36 Caravan
32:28 Town Patrol
33:19 Bodkin Arrow
33:39 Leather Archer Armor
33:52 Thumb Ring
35:15 Two-Man Saw
35:50 Bracer
36:21 Ring Archer Armor
36:40 Rocketry
38:17 Heavy Rocket Cart
42:19 Devotion
42:52 Illumination
47:47 Scale Mail Armor
47:57 Forging
Connection lost

Rejoining the realm…

Still unreachable

The connection could not be restored.

Session expired

The server has moved on; the page needs a fresh start.